 Dungeon Crawl Stone Soup version 0.21.1-1-g345015f (webtiles) character file.

122 Larett the Covert (level 5, -1/34 HPs)
             Began as an Octopode Assassin on Apr 5, 2018.
             Shot with a sling bullet by a goblin (7 damage)
             ... led by Robin
             ... on level 3 of the Dungeon.
             The game lasted 00:03:31 (2585 turns).

Larett the Covert (Octopode Assassin)               Turns: 2585, Time: 00:03:32

Health: -1/34      AC:  1    Str: 10    XL:     5   Next: 6%
Magic:  5/5        EV: 13    Int: 13    God:
Gold:   108        SH:  0    Dex: 15    Spells: 4/4 levels left

rFire    . . .     SeeInvis .   a - +2 dagger
rCold    . . .     Gourm    .   (no shield)
rNeg     . . .     Faith    .   (helmet restricted)
rPois    .         Spirit   .   (no amulet)
rElec    .         Reflect  .   (no ring)
rCorr    .         Harm     .   (no ring)
MR       .....                  (no ring)
Stlth    +++++.....             (no ring)
HPRegen  0.11/turn              (no ring)
MPRegen  0.09/turn              (no ring)
                                (no ring)
                                (no ring)

@: no status effects
A: almost no armour, stealthy swim, amphibious, 8 rings, constrict 8, camouflage
1, gelatinous body 1
a: no special abilities


You were on level 3 of the Dungeon.
You were not hungry.

You visited 1 branch of the dungeon, and saw 3 of its levels.

You collected 108 gold pieces.

Inventory:

Hand Weapons
 a - a +2 dagger (weapon)
 q - a +0 blowgun
 v - a +2 dagger of venom
 I - a cursed -3 hunting sling
Missiles
 c - 8 poisoned needles
 d - 2 curare-tipped needles
 u - 31 arrows
 B - 55 bolts
 C - 53 stones
 D - 8 steel tomahawks (quivered)
Jewellery
 K - a cursed amulet of inaccuracy {unknown}
Wands
 E - a wand of enslavement (19)
Scrolls
 s - 2 scrolls of enchant weapon {unknown}
 t - a scroll of remove curse {unknown}
 w - a scroll of fog {unknown}
 y - 3 scrolls of identify {unknown}
 A - a scroll of enchant armour {unknown}
 J - a scroll of magic mapping {unknown}
Potions
 r - a potion of heal wounds {unknown}
 z - 2 potions of lignification {unknown}
 F - 2 potions of agility {unknown}
 G - 2 potions of flight {unknown}
Comestibles
 f - 3 rations
 L - 2 chunks of flesh


   Skills:
 - Level 2.0 Fighting
 - Level 2.0 Short Blades
 - Level 2.0 Throwing
 - Level 1.0 Dodging
 + Level 8.6 Stealth


You had 4 spell levels left.
You didn't know any spells.

Dungeon Overview and Level Annotations

Branches:
Dungeon (3/15)

Altars:


Innate Abilities, Weirdness & Mutations

You cannot wear most types of armour.
You are very stealthy in the water. (Stealth+)
You are amphibious.
You can wear up to eight rings at the same time.
You can use your tentacles to constrict eight enemies at once.
Your skin changes colour to match your surroundings (Stealth+).
Your rubbery body absorbs attacks. (AC +1, EV +1)


Message History

You see here a club.
You climb downwards.
The goblin wields a hunting sling.
The goblin shoots a sling bullet.
The sling bullet hits you.
The goblin shoots a sling bullet.
The sling bullet barely misses you.
The goblin shoots a sling bullet.
The sling bullet hits you.
A ball python comes into view.
There is a stone staircase leading up, spattered with blood here.
You see here 3 sling bullets.
The goblin shoots a sling bullet.
The sling bullet hits you!
You see here a sling bullet.
The goblin shoots a sling bullet.
The sling bullet misses you.
The goblin shoots a sling bullet.
The sling bullet hits you.
You see here a sling bullet.
The goblin shoots a sling bullet.
The sling bullet hits you.
* * * LOW HITPOINT WARNING * * *
The goblin shoots a sling bullet.
The sling bullet hits you.
* * * LOW HITPOINT WARNING * * *
You see here 2 sling bullets.
The goblin shoots a sling bullet.
The sling bullet hits you!
You die...

#####...+........
........##.....#...
......(....(.......
...................
.......<.....#.....
........(..........
.....S...(.........
..##......(........
. #....)..@.......
#....g..g.......
#.........#.....
##+###....# ....
#.#..'. ...
#.#.##.. .. .....
.. . ##.##.# .


You could see 2 goblins and a ball python.

Vanquished Creatures
  Jessica (D:2)
  Robin (D:2)
  2 adders (D:2)
  2 oozes (D:1)
  2 worms (D:2)
  A dart slug (D:1)
  A leopard gecko (D:2)
  2 giant cockroaches (D:1)
  12 goblins
  5 hobgoblins
  2 jackals (D:1)
  7 kobolds
  5 bats
  7 rats
50 creatures vanquished.

Notes
Turn   | Place    | Note
-------+----------+-------------------------------------------
     0 | D:1      | Larett the Octopode Assassin began the quest for the Orb.
     0 | D:1      | Reached XP level 1. HP: 14/14 MP: 1/1
    63 | D:1      | Reached skill level 6 in Stealth
    63 | D:1      | Reached XP level 2. HP: 19/19 MP: 2/2
   224 | D:1      | Reached XP level 3. HP: 24/24 MP: 3/3
   647 | D:1      | Reached skill level 7 in Stealth
   989 | D:2      | Noticed Jessica
   995 | D:2      | Killed Jessica
   995 | D:2      | Reached XP level 4. HP: 28/29 MP: 4/4
  1415 | D:2      | Reached skill level 8 in Stealth
  1739 | D:3      | Noticed Robin
  1771 | D:2      | HP: 4/29 [poisoned by an adder]
  1779 | D:2      | HP: 3/29 [poisoned by an adder]
  2084 | D:2      | HP: 4/29 [goblin/dagger[Robin] (1)]
  2364 | D:2      | Killed Robin
  2364 | D:2      | Reached XP level 5. HP: 10/34 MP: 5/5
  2585 | D:3      | Shot with a sling bullet by a goblin

Skill      XL: |  1  2  3  4 |
---------------+-------------+-----
Stealth        | 6 7 8 |  8.6
Fighting       | |  2.0
Short Blades   | |  2.0
Throwing       | |  2.0
Dodging        | |  1.0

Action                   |  1- 3 |  4- 6 || total
-------------------------+-------+-------++-------
Melee: Dagger            |    41 |    33 ||    74
       Constrict         |     6 |    10 ||    16
       Tentacles         |     4 |     9 ||    13
 Stab: Sleeping          |    22 |     4 ||    26
       Distracted        |     1 |       ||     1
  Eat: Chunk             |       |     5 ||     5
Armor: Skin              |     3 |     1 ||     4
Dodge: Dodged            |    11 |    37 ||    48
